 Dungeon Crawl Stone Soup version 0.31-a0-765-g67fe2935dc (webtiles) character file.

Game seed: 16688157829381182164

345 cforsyth the Trooper (level 6, 0/49 HPs)
             Began as a Djinni Delver on Sept 15, 2023.
             Slain by an iguana (11 damage)
             ... on level 5 of the Dungeon.
             The game lasted 00:01:31 (210 turns).

cforsyth the Trooper (Djinni Delver)                 Turns: 210, Time: 00:01:32

Health: 0/49       AC:  3    Str: 11    XL:     6   Next: 90%
Gold:   0          EV: 12    Int: 13    God:
                   SH:  0    Dex: 15

rFire   + + .        a - +0 falchion
rCold   x . .        (no shield)
rNeg    . . .        b - +0 leather armour
rPois   ∞            (no helmet)
rElec   .            (no cloak)
rCorr   .            (no gloves)
SInv    .            (boots unavailable)
Will    .....        (no amulet)
Stlth   ++           (no ring)
HPRegen 0.28/turn    (no ring)
MPRegen 0.00/turn

%: infuse magic (-1 HP)
@: flying
A: sickness immunity, fire resistance 2, cold vulnerability 1, float, innate
caster, HP casting, extra vitality 1
a: no special abilities


You were on level 5 of the Dungeon.
You visited 1 branch of the dungeon, and saw 1 of its levels.

Inventory:

Hand Weapons
 a - a +0 falchion (weapon)
Armour
 b - a +0 leather armour (worn)
Jewellery
 j - a ring of resist corrosion
Wands
 g - a wand of digging (3)
Scrolls
 c - a scroll of fog
 d - a scroll of revelation
 e - a scroll of fear
 i - a scroll of noise {unknown}
Potions
 f - a potion of haste
 h - 2 potions of curing {unknown}


   Skills:
 + Level 5.4 Fighting
 - Level 1.7 Long Blades
 - Level 2.1 Dodging
 - Level 4.1 Stealth
 + Level 3.1 Spellcasting
 + Level 3.1 Conjurations
 + Level 3.1 Hexes
   Level 0.0 Charms
 + Level 3.1 Summonings
 + Level 3.1 Necromancy
 + Level 3.1 Translocations
 + Level 3.1 Transmutations
 + Level 3.1 Fire Magic
 + Level 3.1 Ice Magic
 + Level 3.1 Air Magic
 + Level 3.1 Earth Magic
 + Level 3.1 Poison Magic


You knew the following spells:

 Your Spells              Type           Power      Damage    Failure   Level
a - Slow                  Hex            40%        N/A       9%          1
b - Jinxbite              Hex            20%        N/A       12%         2
Your spell library was empty.

Dungeon Overview and Level Annotations

Branches:
Dungeon (5/15)
 Temple: D:4-7

Altars:
Dithmenos
Gozag


Innate Abilities, Weirdness & Mutations

You are immune to sickness and miasma.
You are immune to poison.
Your flesh is very heat resistant. (rF++)
You are vulnerable to cold. (rC-)
You float through the air rather than walking.
You learn spells naturally, not from books.
Your magical power is your life essence.
You have superior vitality. (+4 MHP)


Message History

The iguana is lightly wounded.
You hear the slow hiss of a very distant avalanche of sand.
The iguana barely misses you. x2
You hit the iguana but do no damage.
The iguana is lightly wounded.
The iguana barely misses you.
You closely miss the iguana.
The iguana is lightly wounded.
The iguana barely misses you.
You hit the iguana.
The iguana is lightly wounded.
The iguana bites you!
You hit the iguana but do no damage.
The iguana is lightly wounded.
The iguana bites you!
You closely miss the iguana.
The iguana is lightly wounded.
The iguana closely misses you. The iguana bites you.
You hit the iguana.
The iguana is moderately wounded.
The iguana barely misses you.
You barely miss the iguana.
The iguana is moderately wounded.
The iguana closely misses you.
You hit the iguana but do no damage.
The iguana is moderately wounded.
The iguana barely misses you.
You hit the iguana but do no damage.
The iguana is moderately wounded.
The iguana bites you.
* * * LOW HITPOINT WARNING * * *
You barely miss the iguana.
The iguana is moderately wounded.
The iguana bites you.
* * * LOW HITPOINT WARNING * * *
The iguana closely misses you.
You slash the iguana!
The iguana is severely wounded.
The iguana bites you!
You die...

## # # .#. . #......##
# ###....#..#.#. ##
#...##.#......
#.##....#...(....
####......##l.......
.##.........##@......#
......................
#..........#........
..
##....####.####.#...
...
##...#.......#...##
...# #...#.⌠...⌠.# .##
....# ##..#.......# #
.....###..#†⌠...⌠.#
......#...#.......#


You could see an iguana.

Vanquished Creatures
  An ice beast (D:5)
  A black bear (D:5)
  2 scorpions (D:5)
  A hound (D:5)
  2 adders (D:5)
7 creatures vanquished.

Notes
Turn   | Place    | Note
-------+----------+-------------------------------------------
     0 | D:5      | cforsyth the Djinni Delver began the quest for the Orb.
     0 | D:5      | Reached XP level 1. HP: 20/20 MP: 0/0
    15 | D:5      | Found an opulent altar of Gozag.
    21 | D:5      | Reached XP level 2. HP: 25/25 MP: 0/0
    65 | D:5      | Found a shadowy altar of Dithmenos.
   102 | D:5      | Noticed a scorpion
   113 | D:5      | Killed a scorpion
   114 | D:5      | Reached skill level 4 in Fighting
   114 | D:5      | Reached skill level 1 in Spellcasting
   114 | D:5      | Reached skill level 1 in Conjurations
   114 | D:5      | Reached skill level 1 in Hexes
   114 | D:5      | Reached skill level 1 in Summonings
   114 | D:5      | Reached skill level 1 in Necromancy
   114 | D:5      | Reached skill level 1 in Translocations
   114 | D:5      | Reached skill level 1 in Transmutations
   114 | D:5      | Reached skill level 1 in Fire Magic
   114 | D:5      | Reached skill level 1 in Ice Magic
   114 | D:5      | Reached skill level 1 in Air Magic
   114 | D:5      | Reached skill level 1 in Earth Magic
   114 | D:5      | Reached skill level 1 in Poison Magic
   114 | D:5      | Reached XP level 3. HP: 31/31 MP: 0/0
   114 | D:5      | Learned a level 1 spell: Slow
   114 | D:5      | Reached XP level 4. HP: 37/37 MP: 0/0
   119 | D:5      | Noticed a black bear
   129 | D:5      | Reached XP level 5. HP: 37/41 MP: 0/0
   129 | D:5      | Learned a level 2 spell: Jinxbite
   134 | D:5      | Killed a black bear
   135 | D:5      | Reached XP level 6. HP: 33/49 MP: 0/0
   149 | D:5      | Noticed an ice beast
   158 | D:5      | Killed an ice beast
   159 | D:5      | Reached skill level 5 in Fighting
   210 | D:5      | Slain by an iguana

Illustrated notes

Levels and vault maps discovered:
D:5:      layout_cave_pools, mainiacjoe_overflow_24_doors,
          nicolae_gozag_cash_rules_everything_around_me,
          minmay_temple_entry_waves, nicolae_ossuary_entry_false_entrances,
          hellmonk_ghost_happy_afterlife, grunt_ministairs_3

Skill      XL: |  1  2  3  4  5  6 |
---------------+-------------------+-----
Fighting       | 4 5 |  5.4
Spellcasting   | 1 2 3 |  3.1
Conjurations   | 1 2 3 |  3.1
Hexes          | 1 2 3 |  3.1
Summonings     | 1 2 3 |  3.1
Necromancy     | 1 2 3 |  3.1
Translocations | 1 2 3 |  3.1
Transmutations | 1 2 3 |  3.1
Fire Magic     | 1 2 3 |  3.1
Ice Magic      | 1 2 3 |  3.1
Air Magic      | 1 2 3 |  3.1
Earth Magic    | 1 2 3 |  3.1
Poison Magic   | 1 2 3 |  3.1
Long Blades    | |  1.7
Dodging        | |  2.1
Stealth        | |  4.1

Action                     |  1- 3 |  4- 6 || total
---------------------------+-------+-------++-------
  Melee: Falchion          |       |    25 ||    25
  Evoke: Wand              |    11 |    20 ||    31
    Use: Potion            |       |     1 ||     1
   Stab: Sleeping          |       |     1 ||     1
 Armour: Leather armour    |       |    23 ||    23
  Dodge: Dodged            |     1 |    29 ||    30

Table legend: (Time is in decaauts)
 A = Elapsed time spent in this place.
 B = Non-inter-level travel time spent in this place.
 C = Inter-level travel time spent in this place.
 D = Time resting spent in this place.
 E = Time spent auto-exploring this place.
 F = Levels seen in this place.
 G = Mean time per level.
                   A        B        C        D        E       F      G
               +--------+--------+--------+--------+--------+-----+--------+
         Total |    215 |    215 |      0 |      0 |      0 |   1 |  215.0 |
       Dungeon |    215 |    215 |      0 |      0 |      0 |   1 |  215.0 |
               +--------+--------+--------+--------+--------+-----+--------+

Top non-repeatable levels by time:
     D:5: 215 daAuts
